 Dungeon Crawl Stone Soup version 0.31.0-11-ge490571c62 (webtiles) character file.

Game seed: 7076660526041260761

38 qw the Shooter (level 3, -5/18 HPs)
             Began as a Spriggan Hunter on Feb 3, 2024.
             Slain by a goblin
             ... wielding a +0 dagger
             ... led by Robin
              (6 damage)
             ... on level 2 of the Dungeon.
             The game lasted 00:00:03 (858 turns).

qw the Shooter (Spriggan Hunter)                     Turns: 858, Time: 00:00:03

Health: -5/18      AC:  2    Str:  7    XL:     3   Next: 25%
Magic:  4/4        EV: 19    Int: 10    God:
Gold:   32         SH:  0    Dex: 20    Spells: 2/2 levels left

rFire   . . .        a - +0 shortbow (flame)
rCold   . . .        (shield currently unavailable)
rNeg    . . .        c - +0 robe
rPois   .            (helmet restricted)
rElec   .            (no cloak)
rCorr   .            (gloves unavailable)
SInv    +            (boots unavailable)
Will    .....        g - amulet of the acrobat
Stlth   ++           (no ring)
HPRegen 0.23/turn    (no ring)
MPRegen 0.09/turn

%: acrobat
@: very quick
A: very small, no large weapons, unfitting armour, see invisible, speed 3
a: no special abilities


You were on level 2 of the Dungeon.
You visited 1 branch of the dungeon, and saw 2 of its levels.

You collected 32 gold pieces.


Innate Abilities, Weirdness & Mutations

You are very small and have problems with some larger weapons.
You are too small for most types of armour.
You have supernaturally acute eyesight. (SInv)
You cover ground extremely quickly. (Speed+++)


   Skills:
 - Level 1.5 Fighting
 + Level 4.6 Ranged Weapons
 - Level 4.0 Dodging
 - Level 1.5 Stealth


You had 2 spell levels left.
You didn't know any spells.
Your spell library was empty.

Inventory:

Hand Weapons
 a - a +0 shortbow of flaming (weapon)
Armour
 c - a +0 robe (worn)
Jewellery
 g - an amulet of the acrobat (around neck)
Potions
 h - a potion of degeneration {unknown}

Dungeon Overview and Level Annotations

Branches:
Dungeon (2/15)

Altars:

Annotations:
D:2 Robin


Message History

You hear an angry hiss.
A frilled lizard comes into view.
You shoot an arrow. The arrow closely misses the adder.
The arrow hits the hobgoblin.
The arrow burns the hobgoblin.
The hobgoblin is almost dead.
A goblin comes into view. It is wielding a +2 vampiric dagger.
Robin roars a battlecry!
The goblins go into a battle-frenzy!
A goblin comes into view. It is wielding a +0 dagger.
You hear an angry hiss.
You shoot an arrow. The arrow hits the adder.
The arrow burns the adder.
The adder is heavily wounded.
The adder closely misses you. Robin throws the goblin at you!
You shoot an arrow.
The arrow hits the hobgoblin but does no damage.
The hobgoblin is almost dead.
The adder misses you.
The goblin hits you with a +2 vampiric dagger.
The hobgoblin barely misses you. The adder bites you.
You shoot an arrow. The arrow hits the hobgoblin.
The arrow burns the hobgoblin.
You kill the hobgoblin!
The adder closely misses you.
A goblin comes into view. It is wielding a +0 dagger.
The goblin hits you with a +2 vampiric dagger.
A hobgoblin comes into view.
You shoot an arrow. The arrow barely misses the hobgoblin.
The arrow hits the goblin.
The arrow burns the goblin.
You kill the goblin!
The adder bites you but does no damage. The hobgoblin closely misses you.
Robin says, "Feeling lonely?"
The goblin hits you with a +2 vampiric dagger.
The adder barely misses you.
You shoot an arrow.
The arrow hits the hobgoblin but does no damage.
The hobgoblin is severely wounded.
Robin throws the goblin at you! The hobgoblin closely misses you.
The goblin barely misses you. The adder barely misses you.
A frilled lizard comes into view.
The goblin hits you with a +0 dagger.
You die...

#....# #..#.#
#..#.#
#..#.##
#.....#
#.##.>#######
#.##.........
#.###g####...
#. #@# #.


#gSg# #.#gl#g.# ...g# #.# .... .# #.... ## #.%l #... You could see Robin, an
adder, 2 hobgoblins, 3 goblins and 2 frilled lizards.

Vanquished Creatures
  An adder (D:2)
  A dart slug (D:1)
  3 endoplasms (D:1)
  4 goblins
  2 hobgoblins (D:2)
  5 jackals
  A quokka (D:1)
  2 ball pythons (D:1)
  2 bats (D:1)
  A frilled lizard (D:1)
  A rat (D:1)
23 creatures vanquished.

Notes
Turn   | Place    | Note
-------+----------+-------------------------------------------
     0 | D:1      | qw the Spriggan Hunter began the quest for the Orb.
     0 | D:1      | Reached XP level 1. HP: 10/10 MP: 2/2
     0 | D:1      | 0 ||| qw: Version: 0.3-a-155-g5e7d8dd
     0 | D:1      | 0 ||| qw: Game counter: 3214
     0 | D:1      | 0 ||| qw: Melee chars always use a shield: true
     0 | D:1      | 0 ||| qw: God list: Okawaru
     0 | D:1      | 0 ||| qw: Allow faded altars: false
     0 | D:1      | 0 ||| qw: Do Orc after clearing Dungeon:15 true
     0 | D:1      | 0 ||| qw: Do second Lair branch before Depths: true
     0 | D:1      | 0 ||| qw: Lair rune preference: random
     0 | D:1      | 0 ||| qw: Goals: Normal
     0 | D:1      | 0 ||| PLANNING D:1-11
    67 | D:1      | Reached skill level 3 in Dodging
   248 | D:1      | Reached XP level 2. HP: 14/14 MP: 3/3
   713 | D:1      | 713 ||| UPGRADING to amulet of the acrobat.
   718 | D:1      | 718 ||| READING scroll labelled URESUVV FANANU.
   718 | D:1      | 718 ||| BRANDING +0 shortbow.
   719 | D:1      | 719 ||| READING scroll labelled OLAVEJ SOCYA.
   719 | D:1      | 719 ||| IDENTIFYING fuming silvery potion
   720 | D:1      | 720 ||| DROPPING scroll of butterflies.
   721 | D:1      | 721 ||| DROPPING potion of lignification.
   791 | D:2      | Reached XP level 3. HP: 18/18 MP: 4/4
   850 | D:2      | Noticed Robin
   857 | D:2      | HP: 2/18 [goblin/+2 vampiric dagger[Robin] (5)]
   858 | D:2      | Slain by a goblin

Levels and vault maps discovered:
D:1:      dreamdust_arrival_beginning_and_end, layout_basic,
          nicolae_hexahallways, hangedman_abyss_or_decor_lesser_grid,
          chequers_serial_rivers_large_a
D:2:      layout_loops_ring, basic_altar, ebering_ecumenical_altar_rust,
          uniq_robin

Skill      XL: |  1  2 |
---------------+-------+-----
Dodging        | 3 4 |  4.0
Fighting       | |  1.5
Ranged Weapons | |  4.6
Stealth        | |  1.5

Action                     || total
---------------------------++-------
   Fire: Shortbow          ||    68
    Use: Scroll            ||     2
 Armour: Robe              ||    16
  Dodge: Dodged            ||    31

Table legend:
 A = Non-vault XP
 B = Vault XP
 C = Vault XP percentage of total XP
 D = Non-vault monster count
 E = Vault monster count
 F = Vault count percentage of total count
                 A         B        C        D         E       F
            +---------+---------+-------+---------+---------+-------
      Total |      49 |       6 |  10.9 |      20 |       3 |  13.0
            +---------+---------+-------+---------+---------+-------
        D:1 |      29 |       0 |   0.0 |      16 |       0 |   0.0
        D:2 |      20 |       6 |  23.1 |       4 |       3 |  42.9
            +---------+---------+-------+---------+---------+-------
